[ AOE2 MATCH · #478032417 ]
UnrankedJurchens vs Magyars
[ REPLAY ANALYSIS · EXTRACTED FROM THE RECORDED GAME ]
Feudal
11:21
Castle
16:22
Imperial
36:41
| APM avg | 26.7 |
| APM peak | 63 |
| eAPM avg | 17.8 |
| Villagers / military | 154 / 252 |
Focus
⚔️ 47.2% · 🌾 52.8%
Steppe Lancer ×97 · Scout Cavalry ×70 · Skirmisher ×53 · Unknown (1911) ×20 · Archer ×12 · Iron Pagoda ×8
Feudal
12:13
Castle
25:30
Imperial
42:39
| APM avg | 25.7 |
| APM peak | 54 |
| eAPM avg | 12.2 |
| Villagers / military | 110 / 17 |
Focus
⚔️ 29.4% · 🌾 70.6%
Unknown (1952) ×35 · Unknown (1949) ×27 · Unknown (1944) ×15 · Spearman ×8 · Archer ×5 · Mangonel ×4
Feudal
11:04
Castle
20:34
Imperial
37:59
| APM avg | 25.1 |
| APM peak | 59 |
| eAPM avg | 12.1 |
| Villagers / military | 113 / 127 |
Focus
⚔️ 28.4% · 🌾 71.6%
Knight ×41 · Cavalry Archer ×35 · Magyar Huszar ×23 · Skirmisher ×18 · Trebuchet (Packed) ×4 · Scout Cavalry ×3
Feudal
10:30
Castle
21:23
Imperial
36:25
| APM avg | 36.4 |
| APM peak | 60 |
| eAPM avg | 18.6 |
| Villagers / military | 116 / 208 |
Focus
⚔️ 40.3% · 🌾 59.7%
Plumed Archer ×141 · Eagle Scout ×31 · Archer ×24 · Trebuchet (Packed) ×9 · Spearman ×2 · Monk ×1
Feudal
11:37
Castle
15:32
Imperial
34:16
| APM avg | 40.0 |
| APM peak | 73 |
| eAPM avg | 19.5 |
| Villagers / military | 182 / 381 |
Focus
⚔️ 26.6% · 🌾 73.4%
Skirmisher ×187 · Spearman ×180 · Trebuchet (Packed) ×6 · Militia ×4 · Monk ×2 · Huskarl ×1
Feudal
11:01
Castle
17:39
Imperial
31:55
| APM avg | 20.2 |
| APM peak | 44 |
| eAPM avg | 11.4 |
| Villagers / military | 70 / 119 |
Focus
⚔️ 24.6% · 🌾 75.4%
Archer ×108 · Trebuchet (Packed) ×4 · Trade Cart ×3 · Battering Ram ×3 · Bombard Cannon ×3 · Monk ×1
Match map
Initial resources + every placement click. Lines = walls · curves = elevation contours. ◆ gold · ⬟ stone · ● berries · ✦ relic · ◌ wall gap
Your base· Open — unwalled flank
Aygıt Kocaman's base· Open — unwalled flank
sirnikko's base· Open — 1t gap
İnce memed's base· Open — unwalled flank
SabahIctimasi's base· Open — unwalled flank
Ducky's base· Open — 4t gap
Smoothed initial terrain · ◌ = detected wall gap · hover for details
Inputs per minute
— OFA - - Aygıt Kocaman
Build order — OFA
First 150 of 584 actions detected
| 0:01 | Create | Villager (Male) |
| 0:01 | Create | Villager (Male) |
| 0:02 | Create | Villager (Male) |
| 0:02 | Create | Villager (Male) |
| 0:05 | Build | House |
| 0:07 | Build | House |
| 1:40 | Create | Villager (Male) |
| 1:40 | Create | Villager (Male) |
| 1:41 | Create | Villager (Male) |
| 1:45 | Build | House |
| 1:46 | Build | House |
| 2:18 | Create | Villager (Male) |
| 2:19 | Build | Lumber Camp |
| 2:46 | Create | Villager (Male) |
| 2:46 | Create | Villager (Male) |
| 3:18 | Create | Villager (Male) |
| 3:18 | Create | Villager (Male) |
| 3:42 | Create | Villager (Male) |
| 3:43 | Create | Villager (Male) |
| 3:52 | Research | Loom |
| 4:12 | Create | Villager (Male) |
| 4:23 | Create | Villager (Male) |
| 4:24 | Create | Villager (Male) |
| 4:51 | Create | Villager (Male) |
| 4:51 | Create | Villager (Male) |
| 5:11 | Build | Mill |
| 5:12 | Create | Villager (Male) |
| 5:12 | Create | Villager (Male) |
| 5:42 | Create | Villager (Male) |
| 6:30 | Create | Villager (Male) |
| 6:30 | Create | Villager (Male) |
| 6:39 | Build | Barracks |
| 6:40 | Build | House |
| 7:10 | Create | Villager (Male) |
| 7:21 | Create | Villager (Male) |
| 7:21 | Create | Villager (Male) |
| 7:34 | Build | Mining Camp |
| 7:45 | Create | Villager (Male) |
| 7:45 | Create | Villager (Male) |
| 7:54 | Create | Villager (Male) |
| 7:54 | Create | Villager (Male) |
| 7:55 | Create | Villager (Male) |
| 8:01 | Create | Villager (Male) |
| 8:01 | Create | Villager (Male) |
| 8:06 | Build | Palisade Gate |
| 8:08 | Build | House |
| 8:26 | Create | Villager (Male) |
| 9:02 | Create | Villager (Male) |
| 9:05 | Research | Feudal Age |
| 9:16 | Build | Palisade Wall |
| 9:27 | Build | Mill |
| 10:12 | Create | Villager (Male) |
| 10:12 | Create | Villager (Male) |
| 10:12 | Create | Villager (Male) |
| 10:13 | Create | Villager (Male) |
| 10:54 | Create | Villager (Male) |
| 11:21 | Age | Feudal Age |
| 11:37 | Build | Stable |
| 11:41 | Create | Villager (Male) |
| 11:50 | Create | Villager (Male) |
| 12:10 | Build | Blacksmith |
| 12:40 | Build | Farm |
| 13:05 | Build | Farm |
| 13:29 | Build | Farm |
| 13:42 | Research | Castle Age |
| 13:43 | Research | Castle Age |
| 13:50 | Build | Lumber Camp |
| 14:29 | Build | House |
| 14:31 | Build | House |
| 14:32 | Build | House |
| 15:11 | Create | Villager (Male) |
| 15:11 | Create | Villager (Male) |
| 15:12 | Create | Villager (Male) |
| 15:12 | Create | Villager (Male) |
| 15:13 | Create | Villager (Male) |
| 15:33 | Build | Stable |
| 15:45 | Create | Villager (Male) |
| 15:48 | Build | Farm |
| 16:05 | Build | Farm |
| 16:22 | Age | Castle Age |
| 16:23 | Build | Farm |
| 16:25 | Create | Villager (Male) |
| 16:30 | Create | Steppe Lancer |
| 16:30 | Create | Steppe Lancer |
| 16:30 | Create | Steppe Lancer |
| 16:38 | Create | Steppe Lancer |
| 16:39 | Create | Steppe Lancer |
| 16:39 | Create | Steppe Lancer |
| 16:39 | Create | Steppe Lancer |
| 16:44 | Build | Town Center |
| 17:00 | Build | Farm |
| 17:06 | Create | Steppe Lancer |
| 17:07 | Create | Steppe Lancer |
| 17:15 | Build | Farm |
| 17:41 | Build | Farm |
| 17:52 | Build | Mining Camp |
| 17:55 | Create | Villager (Male) |
| 18:15 | Build | Farm |
| 18:27 | Create | Steppe Lancer |
| 18:27 | Create | Steppe Lancer |
| 18:27 | Create | Steppe Lancer |
| 18:32 | Build | Farm |
| 18:36 | Create | Villager (Male) |
| 18:36 | Create | Villager (Male) |
| 18:36 | Create | Villager (Male) |
| 18:53 | Create | Villager (Male) |
| 19:17 | Create | Villager (Male) |
| 19:34 | Build | House |
| 19:36 | Build | House |
| 19:37 | Build | House |
| 19:38 | Build | House |
| 19:41 | Create | Villager (Male) |
| 19:42 | Create | Villager (Male) |
| 19:47 | Build | Farm |
| 20:05 | Create | Steppe Lancer |
| 20:05 | Create | Steppe Lancer |
| 20:10 | Build | Farm |
| 20:27 | Create | Villager (Male) |
| 20:28 | Create | Villager (Male) |
| 20:29 | Create | Villager (Male) |
| 20:52 | Build | Farm |
| 20:53 | Create | Villager (Male) |
| 20:56 | Create | Villager (Male) |
| 21:07 | Build | Farm |
| 21:08 | Create | Villager (Male) |
| 21:34 | Create | Steppe Lancer |
| 21:34 | Create | Steppe Lancer |
| 21:38 | Build | Farm |
| 21:39 | Create | Villager (Male) |
| 21:45 | Build | House |
| 22:03 | Build | Farm |
| 22:04 | Create | Villager (Male) |
| 22:05 | Create | Villager (Male) |
| 22:06 | Create | Villager (Male) |
| 22:21 | Build | Farm |
| 22:22 | Build | Farm |
| 22:24 | Create | Villager (Male) |
| 22:36 | Create | Steppe Lancer |
| 22:37 | Create | Steppe Lancer |
| 22:37 | Create | Steppe Lancer |
| 22:37 | Create | Steppe Lancer |
| 22:37 | Create | Steppe Lancer |
| 23:02 | Build | Farm |
| 23:05 | Build | Farm |
| 23:07 | Build | Farm |
| 23:11 | Build | Lumber Camp |
| 23:33 | Build | Farm |
| 23:33 | Create | Villager (Male) |
| 23:33 | Create | Villager (Male) |
| 23:34 | Create | Villager (Male) |
Build order — Aygıt Kocaman
First 150 of 334 actions detected
| 0:02 | Create | Villager (Male) |
| 0:03 | Create | Villager (Male) |
| 0:03 | Create | Villager (Male) |
| 0:03 | Create | Villager (Male) |
| 0:03 | Create | Villager (Male) |
| 0:05 | Build | House |
| 0:07 | Build | House |
| 1:47 | Create | Villager (Male) |
| 1:47 | Create | Villager (Male) |
| 2:21 | Create | Villager (Male) |
| 2:21 | Create | Villager (Male) |
| 2:47 | Create | Villager (Male) |
| 2:47 | Create | Villager (Male) |
| 2:48 | Create | Villager (Male) |
| 3:16 | Create | Villager (Male) |
| 3:28 | Create | Villager (Male) |
| 3:28 | Create | Villager (Male) |
| 3:31 | Research | Loom |
| 3:43 | Build | Lumber Camp |
| 3:55 | Create | Villager (Male) |
| 3:55 | Create | Villager (Male) |
| 4:09 | Build | House |
| 4:22 | Create | Villager (Male) |
| 4:23 | Create | Villager (Male) |
| 4:55 | Create | Villager (Male) |
| 4:56 | Create | Villager (Male) |
| 6:06 | Create | Villager (Male) |
| 6:17 | Create | Villager (Male) |
| 6:17 | Create | Villager (Male) |
| 6:56 | Create | Villager (Male) |
| 6:58 | Create | Villager (Male) |
| 7:04 | Build | House |
| 7:15 | Create | Villager (Male) |
| 7:15 | Create | Villager (Male) |
| 8:50 | Create | Villager (Male) |
| 8:52 | Create | Villager (Male) |
| 9:35 | Build | Barracks |
| 9:55 | Build | Mining Camp |
| 10:03 | Research | Feudal Age |
| 11:04 | Build | House |
| 11:34 | Build | Mill |
| 12:13 | Age | Feudal Age |
| 12:19 | Create | Villager (Male) |
| 12:20 | Create | Villager (Male) |
| 12:20 | Create | Villager (Male) |
| 12:37 | Build | Archery Range |
| 12:57 | Build | Blacksmith |
| 12:58 | Create | Villager (Male) |
| 13:03 | Create | Archer |
| 13:03 | Create | Archer |
| 13:05 | Create | Archer |
| 13:07 | Create | Archer |
| 13:09 | Create | Archer |
| 13:19 | Build | House |
| 13:25 | Create | Spearman |
| 13:25 | Create | Spearman |
| 14:15 | Build | House |
| 14:50 | Build | Mill |
| 15:08 | Create | Villager (Male) |
| 15:09 | Create | Villager (Male) |
| 15:35 | Create | Villager (Male) |
| 15:35 | Create | Villager (Male) |
| 15:50 | Create | Spearman |
| 15:51 | Create | Spearman |
| 16:07 | Create | Villager (Male) |
| 16:24 | Build | Farm |
| 16:25 | Build | Farm |
| 16:25 | Build | Farm |
| 16:26 | Build | Farm |
| 17:02 | Create | Villager (Male) |
| 17:26 | Build | Farm |
| 17:49 | Build | House |
| 17:53 | Create | Spearman |
| 17:53 | Create | Spearman |
| 18:19 | Create | Villager (Male) |
| 18:24 | Build | Farm |
| 18:24 | Build | Farm |
| 18:35 | Build | Farm |
| 18:37 | Build | Farm |
| 19:23 | Create | Villager (Male) |
| 19:23 | Create | Villager (Male) |
| 20:24 | Build | House |
| 20:31 | Build | Mining Camp |
| 20:36 | Create | Villager (Male) |
| 20:50 | Build | House |
| 21:07 | Build | Stable |
| 21:14 | Build | Farm |
| 21:32 | Research | Town Watch |
| 22:01 | Create | Villager (Male) |
| 22:05 | Build | House |
| 22:10 | Build | Farm |
| 22:24 | Build | Market |
| 22:50 | Research | Castle Age |
| 22:52 | Build | House |
| 23:23 | Build | Stable |
| 23:35 | Research | Double-Bit Axe |
| 23:44 | Research | Horse Collar |
| 24:50 | Research | Gold Mining |
| 24:50 | Research | Stone Mining |
| 25:00 | Build | House |
| 25:30 | Age | Castle Age |
| 25:33 | Research | Wheelbarrow |
| 25:39 | Create | Unit 1944 |
| 25:39 | Create | Unit 1944 |
| 25:46 | Build | Farm |
| 25:53 | Create | Unit 1944 |
| 25:54 | Create | Unit 1944 |
| 25:55 | Create | Unit 1944 |
| 26:11 | Build | Town Center |
| 26:39 | Create | Unit 1944 |
| 26:39 | Create | Unit 1944 |
| 26:44 | Create | Unit 1944 |
| 27:02 | Create | Villager (Male) |
| 27:09 | Create | Villager (Male) |
| 27:10 | Create | Villager (Male) |
| 27:20 | Build | Farm |
| 27:20 | Build | Farm |
| 27:26 | Create | Villager (Male) |
| 27:26 | Create | Villager (Male) |
| 28:20 | Create | Villager (Male) |
| 28:20 | Create | Villager (Male) |
| 28:22 | Create | Villager (Male) |
| 28:23 | Create | Villager (Male) |
| 28:25 | Create | Villager (Male) |
| 28:45 | Research | Scale Barding Armor |
| 28:49 | Build | Farm |
| 29:06 | Create | Villager (Male) |
| 29:06 | Create | Villager (Male) |
| 29:13 | Build | Farm |
| 31:10 | Create | Villager (Male) |
| 31:11 | Create | Villager (Male) |
| 31:12 | Research | Hand Cart |
| 31:13 | Research | Town Patrol |
| 31:28 | Build | Town Center |
| 31:31 | Create | Villager (Male) |
| 31:31 | Create | Villager (Male) |
| 31:32 | Create | Villager (Male) |
| 31:32 | Create | Villager (Male) |
| 31:39 | Build | Farm |
| 31:56 | Research | Bow Saw |
| 32:04 | Create | Villager (Male) |
| 32:18 | Create | Villager (Male) |
| 32:51 | Build | Farm |
| 32:53 | Build | Farm |
| 32:56 | Create | Villager (Male) |
| 32:57 | Create | Villager (Male) |
| 33:07 | Research | Town Patrol |
| 33:08 | Create | Villager (Male) |
| 33:09 | Create | Villager (Male) |
| 33:19 | Build | Castle |
Build order — sirnikko
First 150 of 340 actions detected
| 0:02 | Create | Villager (Male) |
| 0:02 | Create | Villager (Male) |
| 0:02 | Create | Villager (Male) |
| 0:02 | Create | Villager (Male) |
| 0:02 | Create | Villager (Male) |
| 0:04 | Build | House |
| 0:07 | Build | House |
| 1:32 | Create | Villager (Male) |
| 1:32 | Create | Villager (Male) |
| 1:53 | Build | Lumber Camp |
| 2:00 | Create | Villager (Male) |
| 2:23 | Create | Villager (Male) |
| 2:23 | Create | Villager (Male) |
| 3:04 | Create | Villager (Male) |
| 3:05 | Create | Villager (Male) |
| 3:05 | Create | Villager (Male) |
| 4:15 | Create | Villager (Male) |
| 4:15 | Create | Villager (Male) |
| 4:15 | Create | Villager (Male) |
| 4:49 | Create | Villager (Male) |
| 4:50 | Create | Villager (Male) |
| 4:50 | Create | Villager (Male) |
| 4:58 | Build | House |
| 5:00 | Build | House |
| 5:11 | Research | Loom |
| 5:59 | Create | Villager (Male) |
| 6:00 | Create | Villager (Male) |
| 6:35 | Create | Villager (Male) |
| 6:36 | Create | Villager (Male) |
| 6:42 | Build | Mill |
| 7:22 | Build | Mining Camp |
| 7:31 | Create | Villager (Male) |
| 7:45 | Create | Villager (Male) |
| 8:26 | Create | Villager (Male) |
| 8:41 | Research | Feudal Age |
| 9:03 | Build | Farm |
| 9:04 | Build | Farm |
| 9:09 | Build | House |
| 9:22 | Build | Palisade Wall |
| 9:40 | Create | Villager (Male) |
| 9:41 | Create | Villager (Male) |
| 9:57 | Build | Barracks |
| 10:01 | Build | Palisade Gate |
| 10:31 | Build | House |
| 10:37 | Build | Palisade Wall |
| 11:04 | Age | Feudal Age |
| 11:05 | Build | Palisade Gate |
| 11:09 | Create | Spearman |
| 11:17 | Build | Stable |
| 11:25 | Build | Farm |
| 12:03 | Create | Villager (Male) |
| 12:03 | Create | Villager (Male) |
| 12:17 | Build | Blacksmith |
| 12:39 | Create | Scout Cavalry |
| 12:40 | Create | Scout Cavalry |
| 12:50 | Build | House |
| 12:52 | Build | Palisade Wall |
| 12:55 | Create | Villager (Male) |
| 12:56 | Create | Villager (Male) |
| 13:11 | Build | Palisade Gate |
| 13:14 | Build | Palisade Wall |
| 13:17 | Create | Scout Cavalry |
| 13:20 | Research | Scale Barding Armor |
| 13:29 | Build | Palisade Wall |
| 13:50 | Build | Farm |
| 13:50 | Build | Farm |
| 13:50 | Build | Farm |
| 13:57 | Build | Farm |
| 14:27 | Research | Bloodlines |
| 14:31 | Create | Villager (Male) |
| 14:31 | Create | Villager (Male) |
| 14:36 | Build | Farm |
| 14:41 | Build | Farm |
| 15:15 | Build | Farm |
| 15:16 | Build | Farm |
| 15:16 | Build | Farm |
| 15:16 | Build | Farm |
| 15:17 | Build | Farm |
| 15:17 | Build | Farm |
| 16:01 | Build | Farm |
| 16:04 | Build | Farm |
| 16:06 | Create | Villager (Male) |
| 16:06 | Create | Villager (Male) |
| 17:54 | Research | Castle Age |
| 18:03 | Create | Spearman |
| 18:12 | Build | Archery Range |
| 18:35 | Research | Double-Bit Axe |
| 18:38 | Research | Horse Collar |
| 19:26 | Build | House |
| 19:32 | Build | Palisade Gate |
| 19:36 | Build | Stable |
| 19:39 | Build | House |
| 19:43 | Research | Stone Mining |
| 19:50 | Build | Palisade Wall |
| 19:52 | Build | Farm |
| 19:59 | Build | Farm |
| 20:34 | Age | Castle Age |
| 20:51 | Build | Town Center |
| 20:58 | Create | Villager (Male) |
| 20:58 | Create | Villager (Male) |
| 20:59 | Create | Villager (Male) |
| 21:09 | Create | Knight |
| 21:09 | Create | Knight |
| 21:09 | Create | Knight |
| 21:14 | Research | Fletching |
| 21:32 | Build | Monastery |
| 21:53 | Build | House |
| 22:15 | Build | House |
| 22:25 | Build | Gate |
| 22:31 | Research | Chain Barding Armor |
| 22:36 | Create | Knight |
| 22:37 | Create | Knight |
| 23:50 | Create | Knight |
| 23:51 | Create | Knight |
| 23:51 | Create | Knight |
| 24:24 | Research | Bow Saw |
| 24:28 | Create | Knight |
| 24:28 | Create | Knight |
| 24:41 | Research | Gold Mining |
| 24:46 | Build | Farm |
| 24:53 | Create | Villager (Male) |
| 24:53 | Create | Villager (Male) |
| 25:05 | Create | Monk |
| 25:20 | Build | Lumber Camp |
| 25:29 | Build | House |
| 25:32 | Build | Palisade Wall |
| 25:41 | Create | Knight |
| 25:41 | Create | Knight |
| 25:42 | Create | Knight |
| 25:47 | Build | Farm |
| 25:50 | Create | Villager (Male) |
| 25:50 | Create | Villager (Male) |
| 25:51 | Create | Villager (Male) |
| 25:57 | Create | Villager (Male) |
| 25:57 | Create | Villager (Male) |
| 26:20 | Create | Knight |
| 26:41 | Build | Farm |
| 26:41 | Build | Farm |
| 26:42 | Build | Farm |
| 26:42 | Build | Farm |
| 26:49 | Create | Villager (Male) |
| 26:50 | Create | Villager (Male) |
| 26:50 | Create | Villager (Male) |
| 27:04 | Create | Knight |
| 27:04 | Create | Knight |
| 27:35 | Create | Skirmisher |
| 27:35 | Create | Skirmisher |
| 27:36 | Create | Skirmisher |
| 27:50 | Research | Husbandry |
| 27:51 | Create | Knight |
Build order — İnce memed
First 150 of 372 actions detected
| 0:07 | Build | House |
| 0:08 | Research | Loom |
| 0:09 | Build | House |
| 0:25 | Create | Villager (Male) |
| 0:25 | Create | Villager (Male) |
| 0:25 | Create | Villager (Male) |
| 0:25 | Create | Villager (Male) |
| 1:31 | Create | Villager (Male) |
| 1:55 | Build | Lumber Camp |
| 2:18 | Create | Villager (Male) |
| 2:18 | Create | Villager (Male) |
| 2:18 | Create | Villager (Male) |
| 3:04 | Create | Villager (Male) |
| 3:38 | Create | Villager (Male) |
| 3:38 | Create | Villager (Male) |
| 3:39 | Create | Villager (Male) |
| 3:43 | Build | House |
| 3:44 | Build | House |
| 3:58 | Create | Villager (Male) |
| 4:26 | Create | Villager (Male) |
| 4:28 | Build | Mill |
| 4:54 | Create | Villager (Male) |
| 5:00 | Create | Villager (Male) |
| 5:20 | Create | Villager (Male) |
| 6:14 | Create | Villager (Male) |
| 6:14 | Create | Villager (Male) |
| 6:14 | Create | Villager (Male) |
| 6:15 | Create | Villager (Male) |
| 7:20 | Create | Villager (Male) |
| 7:32 | Build | Lumber Camp |
| 7:39 | Build | Mining Camp |
| 8:20 | Research | Feudal Age |
| 8:53 | Build | House |
| 9:27 | Create | Villager (Male) |
| 9:34 | Build | Barracks |
| 10:30 | Age | Feudal Age |
| 10:40 | Build | Archery Range |
| 10:41 | Build | Archery Range |
| 11:13 | Create | Villager (Male) |
| 11:13 | Create | Villager (Male) |
| 11:24 | Build | Archery Range |
| 11:33 | Research | Double-Bit Axe |
| 11:41 | Create | Villager (Male) |
| 11:49 | Create | Villager (Male) |
| 12:11 | Create | Archer |
| 12:11 | Create | Archer |
| 12:11 | Create | Archer |
| 12:11 | Create | Archer |
| 12:12 | Create | Archer |
| 12:12 | Create | Archer |
| 12:12 | Create | Archer |
| 12:25 | Build | House |
| 12:27 | Build | House |
| 12:30 | Create | Villager (Male) |
| 13:05 | Build | Blacksmith |
| 13:25 | Create | Villager (Male) |
| 13:25 | Create | Villager (Male) |
| 13:30 | Build | Farm |
| 13:31 | Build | Farm |
| 13:31 | Build | Farm |
| 13:31 | Build | Farm |
| 13:31 | Build | Farm |
| 13:55 | Build | Farm |
| 14:09 | Research | Fletching |
| 14:23 | Build | Farm |
| 14:27 | Build | Farm |
| 14:30 | Build | Farm |
| 14:33 | Create | Villager (Male) |
| 14:33 | Create | Villager (Male) |
| 14:42 | Create | Villager (Male) |
| 15:00 | Create | Spearman |
| 15:00 | Create | Spearman |
| 15:05 | Build | House |
| 15:06 | Build | House |
| 15:09 | Research | Wheelbarrow |
| 15:11 | Build | Farm |
| 15:28 | Build | Farm |
| 15:49 | Create | Villager (Male) |
| 16:01 | Build | Farm |
| 16:01 | Build | Farm |
| 16:02 | Build | Farm |
| 16:02 | Build | Farm |
| 16:02 | Build | Farm |
| 16:26 | Create | Villager (Male) |
| 16:27 | Create | Villager (Male) |
| 16:27 | Create | Villager (Male) |
| 16:40 | Build | Farm |
| 16:50 | Build | Farm |
| 16:50 | Build | Farm |
| 16:51 | Build | Farm |
| 16:53 | Create | Villager (Male) |
| 17:21 | Create | Villager (Male) |
| 17:29 | Build | Farm |
| 17:34 | Build | Farm |
| 18:00 | Build | Farm |
| 18:27 | Build | Farm |
| 18:36 | Research | Castle Age |
| 18:51 | Build | Farm |
| 19:14 | Research | Gold Mining |
| 19:16 | Research | Horse Collar |
| 19:33 | Create | Archer |
| 19:33 | Create | Archer |
| 20:06 | Create | Archer |
| 20:06 | Create | Archer |
| 20:06 | Create | Archer |
| 20:15 | Create | Villager (Male) |
| 20:19 | Build | Market |
| 20:27 | Build | House |
| 20:27 | Build | House |
| 20:57 | Build | Archery Range |
| 21:03 | Create | Archer |
| 21:03 | Create | Archer |
| 21:06 | Create | Villager (Male) |
| 21:23 | Age | Castle Age |
| 21:27 | Create | Villager (Male) |
| 21:35 | Build | Town Center |
| 22:16 | Create | Villager (Male) |
| 22:29 | Create | Archer |
| 22:29 | Create | Archer |
| 22:30 | Create | Archer |
| 22:30 | Create | Archer |
| 22:47 | Research | Crossbowman (upgrade) |
| 22:49 | Create | Villager (Male) |
| 22:55 | Create | Villager (Male) |
| 22:55 | Create | Villager (Male) |
| 22:55 | Create | Villager (Male) |
| 23:01 | Build | Mining Camp |
| 23:06 | Build | Mining Camp |
| 23:16 | Create | Villager (Male) |
| 23:30 | Build | University |
| 23:34 | Create | Villager (Male) |
| 23:40 | Research | Bodkin Arrow |
| 23:45 | Build | Farm |
| 23:48 | Research | Padded Archer Armor |
| 24:00 | Create | Villager (Male) |
| 24:08 | Build | Farm |
| 24:14 | Create | Villager (Male) |
| 24:23 | Create | Villager (Male) |
| 24:29 | Research | Bow Saw |
| 24:36 | Create | Villager (Male) |
| 24:43 | Build | Farm |
| 24:49 | Create | Villager (Male) |
| 25:06 | Create | Villager (Male) |
| 25:10 | Build | House |
| 25:11 | Build | House |
| 25:19 | Research | Town Watch |
| 25:35 | Build | Farm |
| 25:44 | Create | Villager (Male) |
| 25:44 | Create | Villager (Male) |
| 25:45 | Create | Villager (Male) |
Build order — SabahIctimasi
First 150 of 450 actions detected
| 0:01 | Create | Villager (Male) |
| 0:01 | Create | Villager (Male) |
| 0:01 | Create | Villager (Male) |
| 0:04 | Build | House |
| 0:05 | Build | House |
| 0:24 | Create | Villager (Male) |
| 0:25 | Create | Villager (Male) |
| 1:32 | Create | Villager (Male) |
| 1:32 | Create | Villager (Male) |
| 1:59 | Create | Villager (Male) |
| 1:59 | Create | Villager (Male) |
| 2:17 | Create | Villager (Male) |
| 2:35 | Build | Lumber Camp |
| 3:01 | Create | Villager (Male) |
| 3:01 | Create | Villager (Male) |
| 3:02 | Create | Villager (Male) |
| 3:28 | Build | House |
| 3:48 | Create | Villager (Male) |
| 3:48 | Create | Villager (Male) |
| 3:48 | Create | Villager (Male) |
| 4:26 | Create | Villager (Male) |
| 4:41 | Create | Villager (Male) |
| 5:12 | Build | Mill |
| 5:15 | Create | Villager (Male) |
| 5:40 | Create | Villager (Male) |
| 5:45 | Create | Villager (Male) |
| 6:01 | Build | House |
| 6:22 | Create | Villager (Male) |
| 6:59 | Create | Villager (Male) |
| 7:00 | Create | Villager (Male) |
| 7:02 | Create | Villager (Male) |
| 7:40 | Research | Loom |
| 7:41 | Create | Villager (Male) |
| 7:42 | Create | Villager (Male) |
| 7:45 | Build | House |
| 8:12 | Create | Villager (Male) |
| 8:17 | Create | Villager (Male) |
| 9:03 | Build | Mining Camp |
| 9:06 | Create | Villager (Male) |
| 9:27 | Research | Feudal Age |
| 10:23 | Build | Barracks |
| 10:41 | Create | Villager (Male) |
| 10:41 | Create | Villager (Male) |
| 11:27 | Build | House |
| 11:37 | Age | Feudal Age |
| 11:39 | Build | House |
| 11:49 | Build | Market |
| 11:53 | Build | Blacksmith |
| 12:05 | Build | Farm |
| 12:05 | Create | Villager (Male) |
| 12:07 | Research | Double-Bit Axe |
| 12:17 | Build | Farm |
| 12:20 | Build | Farm |
| 12:31 | Build | Farm |
| 12:39 | Research | Castle Age |
| 12:54 | Research | Man-at-Arms (upgrade) |
| 13:05 | Build | Farm |
| 13:16 | Build | Farm |
| 13:34 | Build | Farm |
| 13:38 | Build | Farm |
| 13:45 | Build | Farm |
| 14:05 | Create | Militia |
| 14:05 | Create | Militia |
| 14:10 | Create | Militia |
| 14:10 | Create | Militia |
| 14:23 | Research | Scale Mail Armor |
| 14:32 | Research | Double-Bit Axe |
| 15:32 | Age | Castle Age |
| 15:38 | Create | Villager (Male) |
| 15:39 | Create | Villager (Male) |
| 15:52 | Build | Town Center |
| 15:54 | Create | Villager (Male) |
| 16:03 | Build | House |
| 16:04 | Build | House |
| 16:09 | Build | Palisade Wall |
| 16:16 | Build | House |
| 16:30 | Create | Villager (Male) |
| 16:59 | Build | Town Center |
| 17:02 | Create | Villager (Male) |
| 17:02 | Create | Villager (Male) |
| 17:30 | Build | House |
| 17:40 | Create | Villager (Male) |
| 17:41 | Create | Villager (Male) |
| 17:48 | Build | House |
| 18:16 | Create | Villager (Male) |
| 18:16 | Create | Villager (Male) |
| 18:33 | Build | Farm |
| 18:35 | Create | Villager (Male) |
| 18:46 | Create | Villager (Male) |
| 18:47 | Create | Villager (Male) |
| 19:01 | Create | Villager (Male) |
| 19:01 | Create | Villager (Male) |
| 19:21 | Build | Archery Range |
| 19:32 | Create | Villager (Male) |
| 19:34 | Create | Villager (Male) |
| 19:35 | Create | Villager (Male) |
| 19:39 | Create | Villager (Male) |
| 19:55 | Create | Villager (Male) |
| 20:03 | Research | Horse Collar |
| 20:06 | Research | Bow Saw |
| 20:10 | Build | Farm |
| 20:16 | Create | Villager (Male) |
| 20:19 | Create | Villager (Male) |
| 20:23 | Research | Wheelbarrow |
| 20:31 | Build | Farm |
| 20:33 | Build | Farm |
| 20:41 | Create | Villager (Male) |
| 20:41 | Create | Villager (Male) |
| 20:44 | Create | Villager (Male) |
| 21:01 | Research | Crossbowman (upgrade) |
| 21:04 | Create | Cavalry Archer |
| 21:09 | Create | Skirmisher |
| 21:09 | Create | Skirmisher |
| 21:09 | Create | Skirmisher |
| 21:10 | Create | Skirmisher |
| 21:15 | Create | Villager (Male) |
| 21:21 | Build | Mining Camp |
| 21:30 | Research | Fletching |
| 21:40 | Create | Villager (Male) |
| 21:40 | Create | Villager (Male) |
| 21:46 | Create | Villager (Male) |
| 21:47 | Create | Villager (Male) |
| 21:55 | Research | Pikeman (upgrade) |
| 22:01 | Create | Villager (Male) |
| 22:10 | Create | Villager (Male) |
| 22:12 | Create | Villager (Male) |
| 22:22 | Create | Villager (Male) |
| 22:26 | Create | Villager (Male) |
| 22:40 | Build | Farm |
| 22:41 | Create | Villager (Male) |
| 22:43 | Build | Farm |
| 22:50 | Build | Farm |
| 23:03 | Build | Monastery |
| 23:11 | Build | House |
| 23:12 | Build | House |
| 23:12 | Build | House |
| 23:12 | Build | House |
| 23:12 | Build | House |
| 23:13 | Build | House |
| 23:13 | Build | House |
| 23:16 | Build | Farm |
| 23:17 | Create | Villager (Male) |
| 23:19 | Create | Villager (Male) |
| 23:20 | Create | Villager (Male) |
| 23:21 | Create | Villager (Male) |
| 23:27 | Build | House |
| 23:28 | Build | House |
| 23:29 | Build | House |
| 23:32 | Build | Farm |
| 23:38 | Create | Monk |
Build order — Ducky
First 150 of 225 actions detected
| 0:04 | Build | House |
| 0:05 | Create | Villager (Male) |
| 0:05 | Create | Villager (Male) |
| 0:06 | Create | Villager (Male) |
| 0:06 | Create | Villager (Male) |
| 0:08 | Build | House |
| 1:33 | Create | Villager (Male) |
| 1:51 | Build | Lumber Camp |
| 2:18 | Create | Villager (Male) |
| 2:18 | Create | Villager (Male) |
| 2:24 | Create | Villager (Male) |
| 2:54 | Create | Villager (Male) |
| 3:39 | Create | Villager (Male) |
| 3:40 | Create | Villager (Male) |
| 4:07 | Build | House |
| 4:22 | Create | Villager (Male) |
| 4:38 | Build | Mill |
| 4:50 | Create | Villager (Male) |
| 4:50 | Create | Villager (Male) |
| 5:18 | Create | Villager (Male) |
| 5:18 | Create | Villager (Male) |
| 5:43 | Build | House |
| 6:15 | Create | Villager (Male) |
| 6:15 | Create | Villager (Male) |
| 6:45 | Create | Villager (Male) |
| 7:16 | Create | Villager (Male) |
| 7:17 | Create | Villager (Male) |
| 7:31 | Build | House |
| 7:57 | Build | Farm |
| 8:26 | Create | Villager (Male) |
| 8:28 | Create | Villager (Male) |
| 8:28 | Create | Villager (Male) |
| 8:41 | Research | Feudal Age |
| 9:08 | Build | Mining Camp |
| 10:18 | Create | Villager (Male) |
| 10:18 | Create | Villager (Male) |
| 11:01 | Age | Feudal Age |
| 11:20 | Build | Farm |
| 11:28 | Build | Farm |
| 11:36 | Create | Villager (Male) |
| 12:05 | Build | Farm |
| 12:06 | Build | Farm |
| 12:11 | Build | Farm |
| 12:15 | Create | Villager (Male) |
| 12:19 | Build | Lumber Camp |
| 12:32 | Build | Barracks |
| 12:49 | Build | Blacksmith |
| 13:01 | Build | House |
| 13:04 | Create | Villager (Male) |
| 13:04 | Create | Villager (Male) |
| 13:09 | Research | Loom |
| 13:13 | Build | Farm |
| 13:15 | Build | Farm |
| 13:18 | Build | Farm |
| 14:02 | Build | Archery Range |
| 14:09 | Create | Villager (Male) |
| 14:10 | Create | Villager (Male) |
| 14:20 | Build | Farm |
| 14:52 | Research | Castle Age |
| 15:02 | Build | Farm |
| 15:09 | Build | House |
| 15:10 | Build | House |
| 15:14 | Research | Horse Collar |
| 15:27 | Research | Double-Bit Axe |
| 15:38 | Build | House |
| 15:45 | Build | Palisade Wall |
| 16:14 | Create | Archer |
| 16:14 | Create | Archer |
| 16:16 | Create | Archer |
| 16:28 | Build | Archery Range |
| 17:05 | Build | House |
| 17:14 | Build | House |
| 17:24 | Build | Mining Camp |
| 17:29 | Create | Villager (Male) |
| 17:29 | Create | Villager (Male) |
| 17:39 | Age | Castle Age |
| 17:47 | Create | Archer |
| 17:50 | Create | Archer |
| 17:50 | Create | Archer |
| 18:00 | Research | Crossbowman (upgrade) |
| 18:03 | Research | Fletching |
| 18:03 | Research | Padded Archer Armor |
| 18:15 | Create | Villager (Male) |
| 18:24 | Research | Bow Saw |
| 18:53 | Build | House |
| 18:54 | Build | House |
| 18:55 | Build | House |
| 19:12 | Build | Palisade Wall |
| 19:15 | Build | House |
| 19:24 | Build | Palisade Wall |
| 19:31 | Build | House |
| 19:35 | Create | Villager (Male) |
| 19:36 | Research | Town Watch |
| 19:42 | Create | Archer ×5 |
| 19:44 | Research | Thumb Ring |
| 19:46 | Create | Archer ×2 |
| 20:46 | Research | Bodkin Arrow |
| 20:46 | Research | Leather Archer Armor |
| 20:51 | Create | Villager (Male) |
| 21:15 | Build | Farm |
| 21:20 | Build | Farm |
| 21:23 | Create | Villager (Male) |
| 21:25 | Create | Villager (Male) |
| 21:27 | Create | Villager (Male) |
| 21:56 | Build | Palisade Wall |
| 22:01 | Build | Palisade Gate |
| 22:08 | Create | Archer ×5 |
| 22:16 | Research | Leather Archer Armor |
| 22:19 | Create | Villager (Male) |
| 22:28 | Build | University |
| 22:58 | Create | Villager (Male) |
| 23:01 | Create | Villager (Male) |
| 23:20 | Create | Villager (Male) |
| 23:22 | Create | Villager (Male) |
| 24:29 | Research | Wheelbarrow |
| 24:38 | Build | Market |
| 24:52 | Build | Lumber Camp |
| 25:06 | Create | Archer ×3 |
| 25:16 | Build | Farm |
| 25:57 | Build | Castle |
| 26:03 | Build | Mining Camp |
| 26:15 | Research | Hand Cart |
| 26:16 | Create | Villager (Male) |
| 27:20 | Build | Mill |
| 28:06 | Build | Siege Workshop |
| 28:45 | Research | Imperial Age |
| 28:53 | Build | Farm |
| 28:58 | Build | Farm |
| 29:11 | Build | House |
| 29:14 | Build | House |
| 29:16 | Build | House |
| 29:50 | Build | House |
| 29:52 | Build | House |
| 29:54 | Build | House |
| 30:02 | Build | House |
| 31:08 | Research | Ballistics |
| 31:30 | Build | Farm |
| 31:31 | Build | Farm |
| 31:31 | Build | Farm |
| 31:31 | Build | Farm |
| 31:33 | Build | Farm |
| 31:39 | Create | Villager (Male) |
| 31:39 | Create | Villager (Male) |
| 31:41 | Create | Villager (Male) |
| 31:55 | Age | Imperial Age |
| 32:00 | Build | House |
| 32:15 | Research | Arbalester (upgrade) |
| 32:17 | Create | Archer ×2 |
| 33:18 | Create | Archer ×2 |
| 33:29 | Create | Villager (Male) |
Match timeline
| 6:39 | OFA · first_building Barracks |
| 9:16 | OFA · wall_segment Palisade Wall x16 |
| 9:22 | sirnikko · wall_segment Palisade Wall x7 |
| 9:34 | İnce memed · first_building Barracks |
| 9:35 | Aygıt Kocaman · first_building Barracks |
| 9:57 | sirnikko · first_building Barracks |
| 10:23 | SabahIctimasi · first_building Barracks |
| 10:30 | İnce memed · age_up feudal |
| 10:37 | sirnikko · wall_segment Palisade Wall x1 |
| 10:40 | İnce memed · first_building Archery Range |
| 11:01 | Ducky · age_up feudal |
| 11:04 | sirnikko · age_up feudal |
| 11:17 | sirnikko · first_building Stable |
| 11:21 | OFA · age_up feudal |
| 11:37 | SabahIctimasi · age_up feudal |
| 11:37 | OFA · first_building Stable |
| 12:13 | Aygıt Kocaman · age_up feudal |
| 12:32 | Ducky · first_building Barracks |
| 12:37 | Aygıt Kocaman · first_building Archery Range |
| 12:52 | sirnikko · wall_segment Palisade Wall x1 |
| 13:14 | sirnikko · wall_segment Palisade Wall x1 |
| 13:29 | sirnikko · wall_segment Palisade Wall x6 |
| 14:02 | Ducky · first_building Archery Range |
| 15:32 | SabahIctimasi · age_up castle |
| 15:45 | Ducky · wall_segment Palisade Wall x1 |
| 16:09 | SabahIctimasi · wall_segment Palisade Wall x1 |
| 16:22 | OFA · age_up castle |
| 17:39 | Ducky · age_up castle |
| 18:12 | sirnikko · first_building Archery Range |
| 18:44 | SabahIctimasi · first_market_buy 100 food |
| 19:12 | Ducky · wall_segment Palisade Wall x1 |
| 19:21 | SabahIctimasi · first_building Archery Range |
| 19:24 | Ducky · wall_segment Palisade Wall x1 |
| 19:50 | sirnikko · wall_segment Palisade Wall x1 |
| 20:34 | sirnikko · age_up castle |
| 21:07 | Aygıt Kocaman · first_building Stable |
| 21:23 | İnce memed · age_up castle |
| 21:32 | sirnikko · first_building Monastery |
| 21:56 | Ducky · wall_segment Palisade Wall x4 |
| 22:12 | İnce memed · tribute_sent a jugador 1 |
| 22:12 | İnce memed · tribute_sent a jugador 2 |
| 22:12 | İnce memed · tribute_sent a jugador 4 |
| 22:12 | İnce memed · tribute_sent a jugador 5 |
| 22:12 | İnce memed · tribute_sent a jugador 6 |
| 22:26 | İnce memed · tribute_sent a jugador 1 |
| 22:26 | İnce memed · tribute_sent a jugador 2 |
| 22:26 | İnce memed · tribute_sent a jugador 4 |
| 22:26 | İnce memed · tribute_sent a jugador 5 |
| 22:26 | İnce memed · tribute_sent a jugador 6 |
| 23:03 | SabahIctimasi · first_building Monastery |
| 23:16 | Aygıt Kocaman · first_market_buy 100 wood |
| 25:28 | Ducky · first_market_sell 100 stone |
| 25:30 | Aygıt Kocaman · age_up castle |
| 25:32 | Ducky · first_market_buy 100 wood |
| 25:32 | sirnikko · wall_segment Palisade Wall x1 |
| 25:57 | Ducky · first_building Castle |
| 26:13 | OFA · first_building Castle |
| 28:06 | Ducky · first_building Siege Workshop |
| 28:15 | OFA · first_building Archery Range |
| 28:42 | İnce memed · first_building Castle |
| 31:01 | SabahIctimasi · first_market_sell 100 wood |
| 31:47 | sirnikko · first_building Castle |
| 31:55 | Ducky · age_up imperial |
| 32:26 | SabahIctimasi · first_building Castle |
| 32:46 | İnce memed · tribute_sent a jugador 1 |
| 32:46 | İnce memed · tribute_sent a jugador 2 |
| 32:46 | İnce memed · tribute_sent a jugador 4 |
| 32:46 | İnce memed · tribute_sent a jugador 5 |
| 32:46 | İnce memed · tribute_sent a jugador 6 |
| 32:49 | sirnikko · wall_segment Stone Wall x14 |
| 33:19 | Aygıt Kocaman · first_building Castle |
| 33:29 | OFA · first_building Siege Workshop |
| 34:16 | SabahIctimasi · age_up imperial |
| 34:19 | İnce memed · first_market_buy 100 stone |
| 34:37 | İnce memed · first_building Monastery |
| 34:43 | Ducky · wall_segment Palisade Wall x1 |
| 34:45 | Ducky · wall_segment Palisade Wall x1 |
| 36:00 | sirnikko · first_building Siege Workshop |
| 36:25 | İnce memed · age_up imperial |
| 36:34 | Aygıt Kocaman · first_building Siege Workshop |
| 36:41 | OFA · age_up imperial |
| 37:59 | sirnikko · age_up imperial |
| 42:39 | Aygıt Kocaman · age_up imperial |
| 46:23 | OFA · first_market_buy 100 stone |
| 46:26 | OFA · first_market_sell 100 food |
| 46:26 | Aygıt Kocaman · first_market_sell 100 stone |
| 46:30 | Ducky · first_building Monastery |
| 50:12 | Aygıt Kocaman · resign |
[ AI ANALYSIS · 1 CREDIT ]
What really happened in this match?
Wolo.gg analyzes every decision: build order, eco, micro, common mistakes by bracket. Personalized analysis on WhatsApp or Discord in 30 seconds.
Civ guide
Jurchens
Perfil
Jugador #11635585